Map: Dragon Scales LE

Players

A.I. 1 (Elite)

  • Race: Zerg Zerg
  • Spawn Location: 11:00

DaRWiNiaN - Winner!

  • Race: Terran Terran
  • Spawn Location: 5:00

VOD

Have the link to the VOD?

Description

Time

  • Played on: March 15, 2023, midnight
  • Length: 7:54
Show
View Real Time Build Order
Export as new Build Order

A.I. 1 (Elite) Zerg 

Build Orders: Pool First, Zergling Baneling 

Get SALT Encoding   

  12  0:00  Drone  
  13  0:08  Drone  
  14  0:17  Overlord  
  14  0:34  Spawning Pool  
  13  0:36  Drone  
  13  0:41  Extractor  
  13  0:43  Drone  
  13  0:46  Drone  
  15  1:20  Queen  
  15  1:23  Zergling x6  
  20  1:42  Hatchery  
  20  1:47  Drone  
  20  1:52  Zergling x2  
  21  1:57  Zergling x2  
  22  2:08  Overlord  
  22  2:19  Baneling Nest  
  21  2:23  Drone  
  21  2:28  Zergling x2  
  23  2:34  Zergling x2  
  24  2:39  Zergling x2  
  24  2:44  Zergling x2  
  26  3:16  Zergling x2  
  20  3:29  Zergling x2  
  20  3:32  Baneling x2  
  20  3:33  Baneling  
  20  3:35  Drone  
  20  3:40  Zergling x2  
  20  3:41  Baneling x2  
  21  3:45  Zergling x2  
  22  3:49  Zergling x2  
  22  3:54  Zergling x2  
  22  3:55  Baneling x2  
  24  3:58  Zergling x2  
  26  4:02  Zergling x2  
  26  4:05  Baneling  
  26  4:06  Zergling x2  
  27  4:10  Zergling x2  
  27  4:14  Zergling x2  
  26  4:30  Drone  
  25  4:45  Roach Warren  
  23  4:51  Drone  
  24  4:55  Drone  
  24  4:59  Drone  
  25  5:01  Drone  
  24  5:12  Drone, Extractor  
  24  5:14  Extractor, Zergling x2  
  23  5:16  Drone  
  23  5:19  Zergling x2  
  23  5:27  Roach  
  25  5:40  Lair  
  25  5:51  Drone  
  25  5:55  Drone  
  26  5:57  Zergling x4  
  25  6:04  Drone  
  25  6:08  Drone  
  27  6:14  Drone  
  27  6:16  Overlord  
  28  6:29  Roach  
  29  6:36  Roach  
  31  6:40  Hydralisk Den  
  28  6:59  Zergling x2  
  29  7:06  Overlord  
  28  7:09  Zergling x2  
  28  7:14  Queen  
  28  7:15  Roach  
  24  7:31  Roach, Zergling x4  
Show
View Real Time Build Order
Export as new Build Order

DaRWiNiaN Terran - Winner!

Build Orders:  

Get SALT Encoding   

  12  0:00  SCV  
  13  0:13  SCV  
  14  0:17  Supply Depot  
  14  0:25  SCV  
  15  0:38  SCV  
  15  0:40  Barracks  
  16  0:51  SCV  
  17  1:00  Supply Depot  
  17  1:03  SCV  
  18  1:16  SCV  
  19  1:30  SCV, Barracks  
  19  1:31  Marine  
  19  1:32  Barracks  
  21  1:44  Supply Depot  
  21  1:47  Orbital Command  
  21  2:12  Bunker  
  21  2:18  Marine x2  
  21  2:19  Marine  
  22  2:24  Bunker  
  23  2:30  SCV  
  23  2:38  Bunker  
  23  2:39  Refinery  
  23  2:42  SCV, Marine x3  
  27  2:54  SCV  
  28  3:00  Marine  
  28  3:05  Bunker  
  29  3:06  Marine x2  
  30  3:19  Marine  
  28  3:24  Marine  
  30  3:30  SCV  
  31  3:44  Marine  
  31  3:45  Marine x2  
  34  3:51  SCV  
  35  3:56  Command Center  
  35  4:07  Bunker  
  35  4:10  Bunker  
  28  4:25  Marine x3  
  25  4:43  Marine x2  
  25  4:44  Barracks  
  27  4:45  Marine  
  27  4:47  Barracks  
  27  4:50  Bunker  
  27  4:52  SCV  
  25  5:15  Marine x3  
  28  5:23  Factory  
  28  5:29  SCV  
  28  5:34  Marine x3  
  32  5:39  Bunker  
  32  5:46  Marine  
  33  5:52  Marine  
  33  6:06  Marine x3  
  36  6:12  Barracks Tech Lab  
  36  6:13  Barracks Tech Lab  
  36  6:17  Factory Tech Lab  
  36  6:20  Supply Depot  
  36  6:27  Marine x3  
  36  6:31  SCV  
  40  6:32  Orbital Command  
  40  6:43  SCV  
  40  6:51  Marine, Marauder  
  43  6:57  SCV  
  44  7:04  Marine x2  
  45  7:10  Marine x2  
  45  7:12  Marine  
  47  7:18  Siege Tank  
  49  7:24  Marine x2  
  49  7:27  Marine  
  52  7:32  SCV x2  
  54  7:48  Bunker  
Tags
 
Add a new tag
Caveats
  • Supply blocks, unpowered buildings, or Contaminate may cause inaccurate times.
  • Supply counts are checked every 10 seconds.